 Dungeon Crawl Stone Soup version 0.18-a0-912-g81d1dc4 (webtiles) character file.

868 Duffy the Grappler (level 7, 0/66 HPs)
             Began as a Troll Fighter on Dec 25, 2015.
             Succumbed to a worker ant's poison
             ... on level 4 of the Dungeon.
             The game lasted 00:04:11 (3472 turns).

Duffy the Grappler (Troll Fighter)                  Turns: 3472, Time: 00:04:12

Health: 0/66       AC: -7    Str: 26    XL:     7   Next: 73%
Magic:  6/6        EV: 10    Int:  5    God:
Gold:   177        SH:  0    Dex:  9    Spells: 0 memorised, 6 levels left

rFire  . . .     SeeInvis .       - Unarmed
rCold  . . .     Gourm    +     a - +0 robe
rNeg   . . .     Faith    .     (no shield)
rPois  .         Spirit   .     (helmet restricted)
rElec  .         Dismiss  .     (no cloak)
rCorr  .         Reflect  .     (gloves unavailable)
SustAt .         Harm     .     (boots unavailable)
MR     .....                    (no amulet)
Stlth  +.........               (no ring)
                                (no ring)

@: lethally poisoned (0 -> -19), corroded equipment, not resistant to hostile
enchantments, very unstealthy
A: unfitting armour, claws 3, fast metabolism 3, gourmand, regeneration 2,
shaggy fur 1, tough skin 2
a: no special abilities


You were on level 4 of the Dungeon.
You were completely stuffed.

You visited 1 branch of the dungeon, and saw 5 of its levels.

You collected 177 gold pieces.


Innate Abilities, Weirdness & Mutations

You are too large for most types of armour.
You have claws for hands.
Your metabolism is lightning-fast.
You like to eat raw meat.
You heal very quickly.
You are covered in fur (AC +1).
You have very tough skin (AC +2).


   Skills:
 - Level 2.4 Fighting
 - Level 2.4 Dodging
 - Level 2.4 Shields
 + Level 9.0 Unarmed Combat


You had 6 spell levels left.
You didn't know any spells.

Inventory:

Missiles
 u - 11 poisoned needles
Armour
 a - a +0 robe (worn)
 b - a +0 shield
 w - a +2 shield
Wands
 A - a wand of magic darts (36/48)
Scrolls
 e - 5 scrolls of remove curse {unknown}
 f - a scroll of fog {unknown}
 h - 8 scrolls of identify {unknown}
 k - 2 scrolls of teleportation {unknown}
 o - 2 scrolls of recharging {unknown}
 q - 2 scrolls of enchant armour {unknown}
 t - a scroll of enchant weapon {unknown}
 y - a scroll of amnesia {unknown}
 D - a scroll of noise {unknown}
Potions
 c - 2 potions of might
 i - a potion of flight {unknown}
 j - a potion of haste {unknown}
 n - a potion of mutation {unknown}
 p - a potion of magic {unknown}
 r - a potion of brilliance {unknown}
 s - a potion of poison {unknown}
 v - a potion of agility {unknown}
 x - a potion of degeneration {unknown}
 z - a potion of heal wounds {unknown}
 C - 2 potions of curing {unknown}
Comestibles
 d - 9 bread rations
 g - 3 beef jerkies
 l - 3 meat rations
 m - 6 chunks of flesh
 B - 4 fruits

Dungeon Overview and Level Annotations

Branches:
Dungeon (5/15)
 Temple: D:4-7

Altars:
Ashenzari
Elyvilon
Kikubaaqudgha
Nemelex Xobeh
Qazlal
The Shining One


Message History

The jelly is severely wounded.
The jelly hits you.
You are splashed with acid!
The acid burns!
The worker ant bites you.
You are poisoned.
The worker ant poisons you!
You feel sick.
You feel sick.
You feel sick.
Some of the chunks of flesh in your inventory have rotted away.
You feel sick. The worker ant bites you!
You are more poisoned.
The worker ant poisons you!
You feel sick.
There is a stone staircase leading up here.
You feel sick. The worker ant barely misses you.
You climb upwards.
You feel sick.
There is a stone staircase leading down, spattered with blood here.
You scratch the worker ant.
The worker ant is lightly wounded.
You feel sick. The worker ant bites you.
You are more poisoned.
The worker ant poisons you!
You closely miss the worker ant.
The worker ant is lightly wounded.
You feel sick. The worker ant bites you!
You are more poisoned.
The worker ant poisons you!
You claw the worker ant!
The worker ant is severely wounded.
You feel sick. The worker ant bites you.
You are more poisoned.
The worker ant poisons you!
You closely miss the worker ant.
The worker ant is severely wounded.
You die...

.....# #####.##)#
#.#.####.# .....#
#........# #.#......#
######
#.####.#.###.########
# ######.####.......#
# #.........##..#####
# #.........##.[# #
#.........##..# #
######)#####..# # #[#
#)@# # #.#####a## #
#.......# ###
######### ..# #.# #)#
#)##### #.....#


You could see a worker ant.

Action                   |  1- 3 |  4- 6 |  7- 9 || total
-------------------------+-------+-------+-------++-------
Melee: Unarmed           |    61 |   170 |    47 ||   278
 Stab: Sleeping          |     1 |       |       ||     1
  Eat: Chunk             |    15 |    18 |     4 ||    37

Notes
Turn   | Place    | Note
--------------------------------------------------------------
     0 | D:1      | Duffy the Troll Fighter began the quest for the Orb.
     0 | D:1      | Reached XP level 1. HP: 22/22 MP: 0/0
   268 | D:1      | Reached XP level 2. HP: 29/29 MP: 1/1
   798 | D:2      | Reached skill level 3 in Unarmed Combat
   799 | D:2      | Reached XP level 3. HP: 27/36 MP: 2/2
   898 | D:2      | Reached skill level 4 in Unarmed Combat
  1032 | D:2      | Reached XP level 4. HP: 42/44 MP: 3/3
  1508 | D:3      | Reached skill level 5 in Unarmed Combat
  1604 | D:3      | Found a glowing golden altar of the Shining One.
  1607 | D:3      | Found a sparkling altar of Nemelex Xobeh.
  1608 | D:3      | Found an ancient bone altar of Kikubaaqudgha.
  1611 | D:3      | Found a shattered altar of Ashenzari.
  1697 | D:3      | Found a stormy altar of Qazlal.
  1773 | D:3      | Noticed Terence
  1779 | D:3      | Reached XP level 5. HP: 40/50 MP: 4/4
  1781 | D:3      | Killed Terence
  2125 | D:3      | Found a white marble altar of Elyvilon.
  2146 | D:3      | Reached skill level 6 in Unarmed Combat
  2575 | D:5      | Entered Level 5 of the Dungeon
  2581 | D:5      | Reached XP level 6. HP: 23/59 MP: 5/5
  2721 | D:4      | Reached skill level 7 in Unarmed Combat
  3027 | D:4      | Reached XP level 7. HP: 61/66 MP: 6/6
  3031 | D:4      | Reached skill level 8 in Unarmed Combat
  3254 | D:4      | Reached skill level 9 in Unarmed Combat
  3472 | D:4      | Succumbed to a worker ant's poison

Vault maps used:
D:1:      ldierk_walled_garden
D:3:      nicolae_qazlal_general_emergency, grunt_temple_overflow_open,
          first_bread, elyvilon_altar_3, uniq_terence
D:5:      lemuel_ice_spiral_2

Vanquished Creatures
  2 phantoms
  An ogre
  A crimson imp
  A gnoll shaman
  A hound
  An iguana
  A giant frog skeleton Terence
  2 orc priests
  4 orc wizards
  2 hound skeletons
  9 adders
  7 gnolls
  An adder skeleton
  3 worms
  15 orcs
  5 ball pythons
  9 bats
  2 giant cockroaches
  12 goblins
  5 hobgoblins
  4 kobolds
  3 giant newts
  2 quokkas
  4 rats
  5 toadstools
103 creatures vanquished.
